 Dungeon Crawl Stone Soup version 0.29.1-12-g30fa7ad0bf (webtiles) character file.

Game seed: 6653489106501281655

1577 safid the Skirmisher (level 8, -4/74 HPs)
             Began as a Minotaur Hunter on Dec 14, 2022.
             Was a Believer of Okawaru.
             Slain by a troll (7 damage)
             ... on level 6 of the Dungeon.
             The game lasted 00:09:55 (4364 turns).

safid the Skirmisher (Minotaur Hunter)              Turns: 4364, Time: 00:09:55

Health: -4/74      AC:  9    Str: 17    XL:     8   Next: 60%
Magic:  7/7        EV: 11    Int:  6    God:    Okawaru [**....]
Gold:   389        SH:  0    Dex: 15    Spells: 7/7 levels left

rFire   . . .      SeeInvis .   a - +0 shortbow
rCold   . . .      Faith    .   (shield currently unavailable)
rNeg    . . .      Spirit   .   l - +3 ring mail of Fomaun {rCorr}
rPois   .          Reflect  .   (helmet restricted)
rElec   .          Harm     .   (no cloak)
rCorr   +          Rampage  .   (no gloves)
Will    .....                   n - +0 pair of boots
Stlth   +.........              (no amulet)
HPRegen 1.02/turn               (no ring)
MPRegen 0.10/turn               (no ring)

@: studying Polearms
A: horns 2, retaliatory headbutt, regeneration 1
a: Renounce Religion, Heroism


You were on level 6 of the Dungeon.
You worshipped Okawaru.
Okawaru was pleased with you.
You visited 1 branch of the dungeon, and saw 6 of its levels.

You collected 389 gold pieces.

Inventory:

Hand Weapons
 a - a +0 shortbow (weapon)
Armour
 l - the +3 ring mail of Fomaun (worn) {rCorr}
   (You found it on level 3 of the Dungeon)

   rCorr:     It protects you from acid and corrosion.
 n - a +0 pair of boots (worn)
Wands
 b - a wand of flame (10)
 j - a wand of polymorph (5)
 o - a wand of paralysis (4)
 r - a wand of roots (4)
Scrolls
 g - 2 scrolls of blinking
 i - a scroll of magic mapping
Potions
 h - a potion of resistance {unknown}
 k - a potion of flight
 m - a potion of mutation


   Skills:
 - Level 8.0 Fighting
 + Level 10.6 Ranged Weapons
 - Level 2.1 Dodging
 - Level 0.7 Stealth


You had 7 spell levels left.
You didn't know any spells.
Your spell library contained the following spells:

 Spells                   Type           Power      Damage    Failure   Level
 Apportation              Tloc           0%         N/A       67%         1
 Necrotise                Necr           0%         1d4       67%         1
 Static Discharge         Conj/Air       0%         3-3/arc   80%         2
 Dazzling Flash           Conj/Hex       0%         N/A       95%         3
 Frozen Ramparts          Ice            0%         1d1       95%         3
 Ozocubu's Armour         Ice            0%         N/A       95%         3
 Ice Form                 Ice/Tmut       0%         N/A       100%        4
 Iskenderun's Mystic Bla  Conj/Tloc      0%         2d3       100%        4
 Lightning Bolt           Conj/Air       0%         1d11      100%        5
 Starburst                Conj/Fire      0%         6d3       100%        6
 Ozocubu's Refrigeration  Ice            0%         4d7       100%        7
 Maxwell's Capacitive Co  Air            0%         ∞         100%        8
 Summon Small Mammal      Summ           Unusable   N/A       N/A         1
 Summon Ice Beast         Ice/Summ       Unusable   N/A       N/A         4

Dungeon Overview and Level Annotations

Branches:
Dungeon (6/15)             Temple (0/1) D:5

Altars:
Dithmenos
Fedhas
Okawaru
Xom

Shops:
D:4 *

Annotations:
D:1 1 transporter


Innate Abilities, Weirdness & Mutations

You have a pair of horns on your head.
You reflexively headbutt those who attack you in melee.
Your natural rate of healing is unusually fast.


Message History

You are too injured to fight recklessly!
You are too injured to fight recklessly!
You are too injured to fight recklessly!
Fire: a) +0 shortbow
Press: ? - help, Q - select action, (/) - cycle Shift-Dir - straight line, f/p - troll
Aim: a troll (heavily wounded, 68% to hit)
You shoot an arrow. The arrow barely misses the troll.
The troll bites you! The troll claws you but does no damage.
The troll claws you.
Fire: a) +0 shortbow
Press: ? - help, Q - select action, (/) - cycle Shift-Dir - straight line, f/p - troll
Aim: a troll (heavily wounded, 68% to hit)
You shoot an arrow. The arrow hits the troll.
The troll is heavily wounded.
The troll barely misses you. The troll claws you!
* * * LOW HITPOINT WARNING * * *
The troll claws you.
* * * LOW HITPOINT WARNING * * *
You feel better. The troll bites you but does no damage. The troll claws you.
* * * LOW HITPOINT WARNING * * *
The troll claws you but does no damage.
Fire: a) +0 shortbow
Press: ? - help, Q - select action, (/) - cycle Shift-Dir - straight line, f/p - troll
Aim: a troll (heavily wounded, 68% to hit)
You shoot an arrow. The arrow hits the troll!
The troll is severely wounded.
The troll bites you!
* * * LOW HITPOINT WARNING * * *
The troll claws you.
* * * LOW HITPOINT WARNING * * *
The troll closely misses you.
Fire: a) +0 shortbow
Press: ? - help, Q - select action, (/) - cycle Shift-Dir - straight line, f/p - troll
Aim: a troll (severely wounded, 68% to hit)
You shoot an arrow. The arrow hits the troll.
The troll is severely wounded.
The troll bites you!
* * * LOW HITPOINT WARNING * * *
The troll claws you!
You die...

.# .# .## ##..####
##......#
##.......##
#.........#
#@.....# #T)†..##
### ##....# #.###
#....#†≈~≈
##...### #..###
≈.≈ #......##
##.## ≈ #.(_....##
#..# #........##
#..#
..........#####..#


You could see a troll.

Vanquished Creatures
  An orc warrior (D:5)
  4 ice beasts
  An ogre (D:6)
  A centaur (D:4)
  A phantom (D:4)
  A bullfrog (D:6)
  A necrophage (D:5)
  A quasit (D:4)
  4 orc priests
  3 hounds (D:4)
  2 iguanas
  Ijyb (D:5)
  4 orc wizards
  13 gnolls
  6 adders
  5 shadow imps (D:4)
  4 white imps (D:4)
  2 ufetubi (D:4)
  3 dart slugs
  16 orcs
  3 endoplasms
  2 giant cockroaches
  6 goblins
  4 hobgoblins
  3 quokkas
  7 ball pythons
  5 bats
  2 frilled lizards
  4 kobolds
  A rat (D:1)
111 creatures vanquished.

Vanquished Creatures (others)
  3 demonic plants (D:4)
  2 plants (D:5)
5 creatures vanquished.

Grand Total: 116 creatures vanquished

Notes
Turn   | Place    | Note
-------+----------+-------------------------------------------
     0 | D:1      | safid the Minotaur Hunter began the quest for the Orb.
     0 | D:1      | Reached XP level 1. HP: 18/18 MP: 0/0
   204 | D:1      | Reached XP level 2. HP: 25/25 MP: 1/1
   692 | D:2      | Reached skill level 5 in Ranged Weapons
   692 | D:2      | Reached XP level 3. HP: 31/31 MP: 2/2
  1438 | D:3      | Reached XP level 4. HP: 20/40 MP: 3/3
  1755 | D:3      | Found a faded altar of an unknown god.
  1880 | D:3      | Found a shadowy altar of Dithmenos.
  1899 | D:3      | Identified the +3 ring mail of Fomaun {rCorr}
  2122 | D:3      | Found an iron altar of Okawaru.
  2141 | D:3      | Gained mutation: Your natural rate of healing is unusually
                  | fast. [potion of mutation]
  2149 | D:3      | Reached skill level 6 in Ranged Weapons
  2149 | D:3      | Reached XP level 5. HP: 14/47 MP: 4/4
  2158 | D:3      | Reached skill level 5 in Fighting
  2177 | D:3      | Became a worshipper of Warmaster Okawaru
  2320 | D:4      | Noticed a phantom
  2331 | D:4      | Killed a phantom
  2332 | D:4      | Reached XP level 6. HP: 54/57 MP: 5/5
  2577 | D:4      | Reached skill level 7 in Ranged Weapons
  2718 | D:4      | Reached XP level 7. HP: 64/64 MP: 6/6
  2874 | D:4      | Reached * piety under Okawaru
  3041 | D:4      | Found Cesocoj's Mayhem Merchandise.
  3260 | D:5      | Entered Level 5 of the Dungeon
  3383 | D:5      | Found a staircase to the Ecumenical Temple.
  3606 | D:5      | Reached skill level 8 in Ranged Weapons
  3751 | D:5      | Reached ** piety under Okawaru
  3775 | D:5      | Found a blossoming altar of Fedhas.
  3792 | D:5      | Noticed Ijyb
  3811 | D:5      | Killed Ijyb
  3812 | D:5      | Reached XP level 8. HP: 60/74 MP: 7/7
  4049 | D:6      | Reached skill level 9 in Ranged Weapons
  4287 | D:6      | Found a shimmering altar of Xom.
  4333 | D:6      | Reached skill level 10 in Ranged Weapons
  4352 | D:6      | Noticed a troll
  4364 | D:6      | HP: 3/74 [troll (9)]
  4364 | D:6      | Slain by a troll

Illustrated notes

Levels and vault maps discovered:
D:1:      spicycebolla_arrival_risky_transporter, layout_loops_ring
D:2:      layout_loops_ring, serial_bayou_pond_e
D:3:      layout_basic, amcnicky_altar_gilded, mainiacjoe_overflow_alcove_2,
          chequers_ecumenical_altar_grove, ebering_dispersal_statue_hall,
          nrook_uturn
D:4:      layout_basic, serial_demonic, serial_demonic_f, serial_demonic_c,
          serial_demonic_a, serial_demonic_e, serial_demonic_f,
          serial_demonic_f, serial_demonic_a, serial_demonic_g,
          minmay_shop_mayhem, nicolae_titane
D:5:      layout_loops_ring, nicolae_overflow_hidden_temple,
          minmay_temple_entry_overgrown, uniq_ijyb
D:6:      layout_cave_pods, overflow_temple_1_default, kennysheep_slug_shrine

Skill      XL: |  1  2  3  4  5  6  7  8 |
---------------+-------------------------+-----
Fighting       | 3 4 5 6 8 |  8.0
Ranged Weapons | 5 6 7 8 10 | 10.6
Dodging        | |  2.1
Stealth        | |  0.7

Action                   |  1- 3 |  4- 6 |  7- 9 || total
-------------------------+-------+-------+-------++-------
Melee: Shortbow          |       |       |     2 ||     2
 Fire: Shortbow          |    89 |   173 |   230 ||   492
Invok: Heroism           |       |       |     1 ||     1
  Use: Potion            |       |     4 |     2 ||     6
       Scroll            |       |     1 |     7 ||     8
Armor: Leather armour    |    11 |       |       ||    11
       Skin              |       |    25 |       ||    25
       Ring mail         |       |    66 |    74 ||   140
Dodge: Dodged            |    21 |   105 |    88 ||   214
